Map: Jagannatha LE

Players

MysteryMan (Rilakkuma)

  • Race: Zerg Zerg
  • Spawn Location: 7:00

Rex - Winner!

  • Race: Zerg Zerg
  • League: Master
  • Spawn Location: 1:00

Event: DreamHack SC2 Masters 2020 Winter

VOD

Have the link to the VOD?

Description

Time

  • Played on: Oct. 22, 2020, 8:37 a.m.
  • Length: 8:39

All games in this series

Show
View Real Time Build Order
Export as new Build Order

MysteryMan Zerg 

Build Orders: Pool First 

Get SALT Encoding   

  12  0:00  Drone  
  13  0:12  Overlord  
  13  0:17  Drone  
  14  0:30  Drone x2  
  14  0:34  Drone  
  17  0:45  Spawning Pool  
  17  0:47  Drone  
  17  1:07  Hatchery  
  17  1:10  Drone  
  17  1:13  Drone  
  17  1:17  Drone  
  19  1:20  Extractor  
  18  1:31  Queen  
  18  1:32  Zergling x2  
  21  1:39  Overlord  
  21  1:49  Drone  
  22  2:00  Drone  
  23  2:06  Queen  
  25  2:11  Zergling x2  
  26  2:18  Queen  
  26  2:19  Drone  
  26  2:22  Drone  
  30  2:31  Drone  
  30  2:36  Drone  
  30  2:38  Drone x2  
  30  2:39  Drone  
  30  2:43  Queen  
  35  2:46  Overlord  
  35  2:52  Drone  
  36  3:03  Evolution Chamber  
  35  3:05  Drone  
  35  3:06  Drone x3  
  39  3:14  Overlord  
  39  3:15  Drone x2  
  39  3:16  Drone  
  42  3:22  Drone  
  42  3:25  Lair  
  43  3:28  Drone  
  43  3:31  Zerg Missile Weapons Level 1  
  44  3:35  Drone x2  
  46  3:42  Drone, Roach Warren  
  46  3:45  Drone  
  46  3:47  Extractor  
  46  3:49  Extractor  
  46  3:50  Drone x2  
  46  3:53  Overlord  
  47  3:59  Drone  
  47  4:00  Drone x3  
  51  4:09  Extractor, Overlord  
  50  4:10  Drone x2  
  50  4:15  Drone  
  53  4:21  Drone x2  
  55  4:24  Glial Reconstitution  
  55  4:27  Drone  
  55  4:28  Drone x2  
  58  4:33  Roach x3  
  64  4:41  Roach x2  
  68  4:50  Overlord  
  63  4:59  Roach  
  62  5:00  Roach x3  
  62  5:07  Roach x2  
  65  5:10  Queen  
  66  5:15  Roach  
  68  5:23  Roach x2  
  66  5:31  Roach  
  66  5:32  Roach  
  66  5:37  Ravager  
  66  5:42  Roach x4  
  75  5:48  Overlord  
  75  5:57  Drone, Zerg Ground Armor Level 1  
  75  6:00  Overlord  
  76  6:06  Queen  
  76  6:10  Drone x2  
  80  6:12  Hatchery  
  80  6:14  Overseer  
  80  6:16  Drone  
  80  6:17  Drone x2  
  82  6:21  Drone  
  82  6:24  Drone x3  
  86  6:32  Drone x3  
  89  6:35  Overseer  
  89  6:38  Overlord  
  89  6:43  Roach  
  89  6:45  Evolution Chamber  
  90  6:49  Roach  
  92  6:56  Drone x2  
  92  6:57  Overlord  
  92  6:58  Drone  
  92  6:59  Roach x2  
  99  7:03  Overlord x2  
  99  7:06  Overlord  
  99  7:14  Overlord  
  99  7:16  Spine Crawler  
  99  7:17  Roach  
  99  7:18  Spine Crawler  
  99  7:23  Ravager  
  99  7:24  Roach  
  99  7:25  Roach  
  99  7:27  Roach  
  99  7:28  Roach  
  108  7:31  Roach x2  
  112  7:37  Roach x3  
  110  7:50  Roach x5  
  108  7:56  Roach  
  108  7:57  Roach x3  
  101  8:01  Roach x3  
  94  8:05  Roach  
  94  8:13  Roach  
  94  8:17  Roach  
Show
View Real Time Build Order
Export as new Build Order

Rex Zerg - Winner!

Build Orders: Pool First 

Get SALT Encoding   

  12  0:00  Drone  
  13  0:13  Overlord  
  13  0:17  Drone  
  14  0:32  Drone x2  
  16  0:40  Spawning Pool  
  15  0:44  Drone  
  15  0:48  Drone  
  17  1:09  Hatchery  
  16  1:12  Drone  
  17  1:27  Extractor, Zergling x4  
  17  1:28  Zergling x2  
  19  1:33  Queen  
  21  1:41  Overlord  
  21  1:52  Drone  
  22  2:01  Drone  
  23  2:08  Queen  
  23  2:11  Drone  
  26  2:22  Drone, Queen  
  27  2:23  Drone  
  30  2:32  Metabolic Boost  
  30  2:34  Drone  
  30  2:35  Drone  
  32  2:43  Overlord  
  32  2:47  Drone x2  
  34  2:52  Drone  
  34  2:53  Drone  
  36  3:04  Baneling Nest  
  35  3:05  Drone x2  
  35  3:06  Drone  
  38  3:22  Drone x2  
  38  3:25  Hatchery  
  39  3:27  Drone x2  
  39  3:31  Evolution Chamber  
  40  3:38  Drone x3  
  43  3:43  Overlord  
  43  3:44  Overlord  
  43  3:57  Zergling x2  
  43  4:02  Zerg Ground Armor Level 1, Zergling x12  
  49  4:06  Zergling x2  
  50  4:12  Baneling Nest, Zergling x4  
  51  4:26  Zergling x8  
  51  4:29  Overlord  
  55  4:37  Zergling x2  
  55  4:38  Zergling x2  
  57  4:40  Overlord  
  57  4:41  Overlord  
  57  4:42  Zergling x4  
  59  4:47  Zergling x6  
  59  4:49  Zergling x4  
  62  4:57  Zergling x4  
  60  5:01  Zergling x2  
  60  5:02  Zergling x2  
  58  5:10  Roach Warren  
  58  5:11  Zergling x2  
  58  5:12  Zergling x8  
  62  5:16  Zergling x10  
  62  5:22  Zergling x6  
  62  5:26  Zergling x2  
  62  5:28  Zergling x2  
  60  5:36  Zergling x2  
  60  5:41  Drone x2  
  60  5:42  Drone x5  
  63  5:43  Lair  
  63  5:44  Drone  
  63  5:45  Drone  
  63  5:46  Drone  
  63  5:47  Drone  
  63  5:48  Extractor  
  63  5:49  Extractor  
  65  5:50  Drone  
  65  5:54  Drone x2  
  65  5:56  Zerg Missile Weapons Level 1  
  67  5:58  Drone  
  67  6:01  Drone  
  69  6:05  Drone  
  69  6:07  Overlord  
  69  6:10  Drone x3  
  73  6:14  Drone  
  73  6:15  Overlord  
  74  6:19  Roach x2  
  74  6:20  Roach  
  74  6:22  Roach  
  74  6:23  Extractor  
  74  6:25  Roach  
  83  6:27  Roach  
  83  6:29  Roach  
  83  6:32  Roach  
  88  6:35  Roach  
  88  6:36  Overlord  
  88  6:38  Roach  
  92  6:40  Roach  
  92  6:42  Roach  
  92  6:44  Roach  
  98  6:48  Roach  
  98  6:49  Roach  
  98  6:52  Overlord  
  102  6:55  Overlord  
  102  6:57  Roach  
  102  6:58  Roach  
  102  7:01  Roach  
  108  7:06  Roach x2  
  112  7:13  Zergling x12  
  118  7:17  Ravager  
  118  7:18  Ravager  
  118  7:20  Zergling x10  
  118  7:22  Zergling x2  
  126  7:23  Zergling x2  
  126  7:24  Zergling x2  
  126  7:27  Zergling x2, Ravager  
  130  7:37  Overlord  
  130  7:43  Zergling x6  
  124  7:47  Zergling x10  
  124  7:50  Zergling x8  
  123  7:56  Zergling x2  
  123  7:58  Zergling x2  
  116  8:00  Ravager  
  116  8:03  Zergling x2  
  116  8:04  Zergling x2  
  110  8:07  Zergling x2  
  110  8:08  Zergling x2  
  110  8:09  Zergling x2  
  110  8:11  Ravager  
  111  8:15  Zergling x4  
  111  8:17  Zergling x2  
  111  8:19  Zergling x4  
  109  8:20  Zergling x2  
Tags
 
Add a new tag
Caveats
  • Supply blocks, unpowered buildings, or Contaminate may cause inaccurate times.
  • Supply counts are checked every 10 seconds.